 Dungeon Crawl Stone Soup version 0.31.0-9-g3a7656b989 (webtiles) character file.

Game seed: 12062618961655656684

12768 Peloso the Carver (level 11, -3/99 HPs)
             Began as a Minotaur Fighter on Jan 27, 2024.
             Was a Follower of Okawaru.
             Slain by Fannar
             ... wielding a staff of cold
              (10 damage)
             ... on level 11 of the Dungeon.
             The game lasted 00:18:48 (11655 turns).

Peloso the Carver (Minotaur Fighter)               Turns: 11655, Time: 00:18:48

Health: -3/99      AC: 22    Str: 21    XL:     11   Next: 66%
Magic:  10/10      EV:  8    Int:  5    God:    Okawaru [*.....]
Gold:   422        SH:  6    Dex: 14    Spells: 10/10 levels left

rFire   . . .        b - +3 scimitar
rCold   . . .        d - +0 buckler
rNeg    . . .        w - +0 plate armour
rPois   .            (helmet restricted)
rElec   .            (no cloak)
rCorr   .            I - +0 pair of gloves
SInv    +            E - +0 pair of boots
Will    .....        K - amulet of the acrobat
Stlth   x              - +4 ring of protection
HPRegen 0.36/turn    e - ring of see invisible
MPRegen 0.12/turn

%: acrobat
@: no status effects
A: horns 2, retaliatory headbutt
a: Renounce Religion, Heroism


You were on level 11 of the Dungeon.
You worshipped Okawaru.
Okawaru was aware of your devotion.
You visited 2 branches of the dungeon, and saw 13 of its levels.
You also visited: Sewer.

You collected 422 gold pieces.

Inventory:

Hand Weapons
 a - a +0 long sword of protection
 b - a +3 scimitar (weapon)
 c - a +4 trident of flaming
Armour
 d - a +0 buckler (worn)
 r - a +0 chain mail
 w - a +0 plate armour (worn)
 E - a +0 pair of boots (worn)
 I - a +0 pair of gloves (worn)
Jewellery
 e - a ring of see invisible (right hand)
 x - a +4 ring of protection (left hand)
 F - a +6 ring of strength
 K - an amulet of the acrobat (around neck)
 N - a ring of willpower
Wands
 t - a wand of iceblast (21)
 u - a wand of charming (9)
 y - a wand of mindburst (7)
 G - a wand of polymorph (5)
Scrolls
 f - 3 scrolls of immolation {unknown}
 h - 4 scrolls of teleportation
 i - a scroll of brand weapon
 k - a scroll of enchant weapon {unknown}
 l - 4 scrolls of enchant armour
 m - 2 scrolls of torment {unknown}
 o - a scroll of silence {unknown}
 q - a scroll of amnesia
 s - a scroll of fear {unknown}
 z - 5 scrolls of vulnerability {unknown}
 A - 2 scrolls of blinking
 D - a scroll of fog {unknown}
Potions
 g - 3 potions of curing
 j - a potion of invisibility
 n - 3 potions of brilliance
 p - 3 potions of might
 v - 3 potions of haste
 B - 2 potions of enlightenment
 C - a potion of cancellation
 H - a potion of degeneration {unknown}
 J - 2 potions of heal wounds
 L - a potion of magic {unknown}
 M - a potion of resistance {unknown}


   Skills:
 + Level 10.1 Fighting
 + Level 13.9 Long Blades
 + Level 11.4 Armour
 + Level 4.2 Dodging
 + Level 1.3 Stealth
 + Level 9.9 Shields
 + Level 0.5 Evocations


You had 10 spell levels left.
You didn't know any spells.
Your spell library contained the following spells:

 Spells                   Type           Power      Damage    Failure   Level
 Kiss of Death            Conj/Necr      0%         2d5       100%        1
 Confusing Touch          Hex            0%         N/A       100%        3
 Inner Flame              Hex/Fire       0%         N/A       100%        3
 Ozocubu's Armour         Ice            0%         N/A       100%        3
 Stone Arrow              Conj/Erth      0%         3d7       100%        3
 Dispel Undead            Necr           0%         3d6       100%        4
 Flame Wave               Conj/Fire      0%         2d4       100%        4
 Sticky Flame             Fire/Alch      0%         2d4       100%        4
 Metabolic Englaciation   Hex/Ice        0%         N/A       100%        5
 Lehudib's Crystal Spear  Conj/Erth      0%         10d2      100%        8
 Animate Armour           Summ/Erth      Unusable   N/A       N/A         4
 Sculpt Simulacrum        Ice/Alch       Unusable   N/A       N/A         6

Dungeon Overview and Level Annotations

Branches:
Dungeon (12/15)            Temple (1/1) D:4            Lair (0/5) D:8
  Sewer (visited)
    Orc: D:9-12

Altars:
Ashenzari
Cheibriados
Dithmenos
Elyvilon
Fedhas
Gozag
Hepliaklqana
Kikubaaqudgha
Makhleb
Nemelex Xobeh
Okawaru
Qazlal
Ru
Sif Muna
Trog
Uskayaw
Vehumet
Wu Jian
Xom
Yredelemnul
Zin
The Shining One

Shops:
D:7 :

Annotations:
D:5 3 runed translucent doors, fly's ghost, weakling KoDe
D:9 4 runed translucent doors, Xpym's ghost, novice MiFi
D:11 2 transporters, AlterAsc's ghost, journeyman OpSh; Fannar
Temple 2 transporters


Innate Abilities, Weirdness & Mutations

You have a pair of horns on your head.
You reflexively headbutt those who attack you in melee.


Message History

The ice beast hits you but does no damage.
You miss Fannar.
Fannar is almost dead.
The ice beast hits you but does no damage.
The ice beast closely misses you. Fannar closely misses you.
You hit Fannar. You headbutt Fannar!
Fannar is almost dead.
You block the ice beast's attack. x2
You closely miss Fannar. Your headbutt misses Fannar.
Fannar is almost dead.
The ice beast hits you but does no damage.
You block Fannar's attack.
The ice beast hits you but does no damage.
The ice beast closely misses you.
You completely miss Fannar.
Fannar is almost dead.
You block the ice beast's attack. You block Fannar's attack.
You hit Fannar. Your headbutt misses Fannar.
Fannar is almost dead.
The ice beast completely misses you. You furiously retaliate!
You headbutt the ice beast! The ice beast barely misses you.
You furiously retaliate!
You headbutt the ice beast.
The ice beast hits you but does no damage.
You hit Fannar.
Fannar is almost dead.
Fannar points at you and mumbles some strange words.
The bolt of cold hits you!!
* * * LOW HITPOINT WARNING * * *
The ice beast misses you. You furiously retaliate!
You headbutt the ice beast!
You kill the ice beast!
The ice beast disappears in a puff of smoke!
You block the ice beast's attack.
You hit Fannar but do no damage. Your headbutt misses Fannar.
Fannar is almost dead.
The ice beast hits you.
* * * LOW HITPOINT WARNING * * *
The ice beast freezes you!
* * * LOW HITPOINT WARNING * * *
Fannar hits you but does no damage. Fannar freezes you!
You die...

#.#...#.......#...†....
#........##..##..##....
.....#..##..###+##....
#..##..##...# .##....
#..........#........
##..##.....$#.......$
..##....#.#######.######
......YeY.# #.###...
...#.§@#.# ........
#.##.##.# ........
.##.......# ........
..........# ........
.###......##### ..###..
..........##..########..
####......#....#........
#......#....#........
#......#....'>.......


You could see Fannar and 2 ice beasts.

Vanquished Creatures
  6 two-headed ogres
  Pikel (D:6)
  2 ugly things (D:11)
  Jeremiah (D:7)
  A rime drake (D:8)
  A vampire (D:11)
  A shadow (D:9)
  4 wraiths (D:9)
  A wyvern (D:10)
  11 yaks
  A fire bat (D:9)
  A water moccasin (D:7)
  4 orc warriors
  A sky beast (D:7)
  4 black bears
  3 ice beasts (D:8)
  An ogre (D:6)
  3 wolves (D:8)
  2 centaurs
  4 kobold brigands
  3 lemures (D:6)
  5 bullfrogs
  A scorpion (D:4)
  3 gnoll sergeants (D:9)
  8 wights (D:9)
  5 killer bees (D:9)
  An electric eel (D:11)
  9 howler monkeys
  2 lava snakes (D:9)
  A gnoll bouda (D:8)
  7 orc priests
  2 bombardier beetles (D:7)
  2 hounds
  4 jellies
  A sleepcap (D:8)
  Jessica (D:2)
  A hell rat (Sewer)
  10 orc wizards
  8 adders
  27 gnolls
  2 river rats (Sewer)
  A white imp (D:5)
  2 ufetubi (D:6)
  A ribbon worm (D:2)
  2 dart slugs
  22 orcs
  A ball python (D:2)
  12 bats
  5 endoplasms
  6 giant cockroaches
  9 goblins
  5 hobgoblins
  3 quokkas
  2 frilled lizards (D:1)
  23 kobolds
  8 rats
258 creatures vanquished.

Vanquished Creatures (others)
  An arcanist (D:8)
1 creature vanquished.

Grand Total: 259 creatures vanquished

Notes
Turn   | Place    | Note
-------+----------+-------------------------------------------
     0 | D:1      | Peloso the Minotaur Fighter began the quest for the Orb.
     0 | D:1      | Reached XP level 1. HP: 19/19 MP: 0/0
   180 | D:1      | Reached XP level 2. HP: 20/27 MP: 1/1
   997 | D:2      | Reached skill level 3 in Long Blades
   997 | D:2      | Reached XP level 3. HP: 33/33 MP: 2/2
  1048 | D:2      | Noticed Jessica
  1053 | D:2      | Killed Jessica
  1255 | D:3      | Reached XP level 4. HP: 40/40 MP: 3/3
  1397 | D:3      | Found a glowing drain.
  1412 | D:3      | Reached skill level 1 in Dodging
  1422 | Sewer    | Entered a sewer
  1436 | Sewer    | Reached XP level 5. HP: 24/46 MP: 4/4
  1533 | Sewer    | Reached skill level 4 in Long Blades
  1533 | Sewer    | Reached skill level 5 in Armour
  2153 | D:3      | Found a radiant altar of Vehumet.
  2253 | D:4      | Found a staircase to the Ecumenical Temple.
  2274 | Temple   | Found a transporter.
  2274 | Temple   | Found a transporter.
  2274 | Temple   | Found a transporter.
  2274 | Temple   | Found a transporter.
  2274 | Temple   | Entered the Ecumenical Temple
  2393 | D:4      | Noticed a black bear
  2401 | D:4      | Killed a black bear
  2402 | D:4      | Reached XP level 6. HP: 51/53 MP: 5/5
  2499 | D:4      | Found a sparkling altar of Nemelex Xobeh.
  2500 | D:4      | Found an opulent altar of Gozag.
  2544 | D:4      | Reached skill level 5 in Long Blades
  3056 | D:4      | Found a shimmering blue altar of Sif Muna.
  3256 | D:5      | Entered Level 5 of the Dungeon
  3331 | D:5      | Reached XP level 7. HP: 39/60 MP: 6/6
  3440 | D:5      | Reached skill level 5 in Shields
  3585 | D:5      | Reached skill level 5 in Fighting
  3931 | D:5      | Found a runed translucent gate.
  3931 | D:5      | Found a runed translucent gate.
  3931 | D:5      | Found a runed translucent gate.
  3931 | D:5      | Noticed fly's ghost (weakling KoDe)
  4597 | D:6      | Reached skill level 6 in Long Blades
  4631 | D:6      | Reached XP level 8. HP: 49/69 MP: 7/7
  4782 | D:6      | Reached skill level 7 in Long Blades
  5327 | D:7      | Noticed Pikel
  5353 | D:6      | Killed Pikel
  5354 | D:6      | Reached skill level 8 in Long Blades
  5410 | D:7      | Found Wumneh's Book Boutique.
  5490 | D:7      | Reached XP level 9. HP: 78/78 MP: 8/8
  5517 | D:7      | Reached skill level 9 in Long Blades
  5955 | D:7      | Noticed Jeremiah
  5963 | D:7      | Killed Jeremiah
  6190 | D:7      | Found a sacrificial altar of Ru.
  6559 | D:8      | Reached skill level 10 in Long Blades
  6864 | D:8      | Found a staircase to the Lair.
  6864 | D:8      | Noticed a rime drake
  6867 | D:8      | Noticed a two-headed ogre
  6883 | D:8      | Killed a rime drake
  6884 | D:8      | Reached skill level 11 in Long Blades
  6884 | D:8      | Reached XP level 10. HP: 66/86 MP: 9/9
  6889 | D:8      | Killed a two-headed ogre
  7256 | D:8      | Found a bloodstained altar of Trog.
  7258 | D:8      | Noticed a wizard
  7374 | D:8      | Reached skill level 10 in Armour
  7422 | D:8      | Found an ornate altar of the Wu Jian Council.
  7722 | D:8      | Killed a wizard
  7892 | D:9      | Found a runed translucent gate.
  7892 | D:9      | Found a runed translucent gate.
  7892 | D:9      | Found a runed translucent gate.
  7893 | D:9      | Noticed Xpym's ghost (novice MiFi)
  8008 | D:9      | Found a hide-covered altar of Uskayaw.
  8064 | D:9      | Found an opulent altar of Gozag.
  8145 | D:9      | Reached skill level 12 in Long Blades
  8145 | D:9      | Reached skill level 1 in Stealth
  8173 | D:9      | Found a runed translucent door.
  8177 | D:9      | Found a shimmering altar of Xom.
  8209 | D:9      | Noticed a flayed ghost
  8214 | D:9      | Found a glowing golden altar of the Shining One.
  8218 | D:9      | Found an opulent altar of Gozag.
  8298 | D:9      | Found a shimmering altar of Xom.
  8319 | D:9      | Found a stormy altar of Qazlal.
  8613 | D:9      | Reached XP level 11. HP: 37/95 MP: 10/10
  9025 | D:9      | Noticed a two-headed ogre
  9036 | D:9      | Killed a two-headed ogre
  9336 | D:9      | Found a basalt altar of Yredelemnul.
  9336 | D:9      | Found a snail-covered altar of Cheibriados.
  9710 | D:10     | Entered Level 10 of the Dungeon
  9895 | D:10     | Noticed a two-headed ogre
  9904 | D:10     | Killed a two-headed ogre
  9905 | D:10     | Reached skill level 13 in Long Blades
 10192 | D:10     | Identified the +1 robe of Spaghetti {Str+5}
 10344 | D:10     | Found an iron altar of Okawaru.
 10649 | D:10     | Became a worshipper of Warmaster Okawaru
 10851 | D:11     | Noticed a two-headed ogre
 10858 | D:11     | Found a transporter.
 10858 | D:11     | Noticed AlterAsc's ghost (journeyman OpSh)
 10860 | D:11     | Noticed a skeletal warrior
 10860 | D:11     | Noticed a boulder beetle
 10869 | D:11     | Found a transporter.
 10879 | D:11     | Noticed a white ugly thing
 10896 | D:11     | Killed a white ugly thing
 11109 | D:11     | Noticed a two-headed ogre
 11119 | D:11     | Killed a two-headed ogre
 11150 | D:11     | You fall into a shaft and drop 1 floor!
 11162 | D:12     | Noticed a two-headed ogre
 11174 | D:12     | Killed a two-headed ogre
 11174 | D:12     | Reached * piety under Okawaru
 11345 | D:11     | Noticed Fannar
 11349 | D:11     | Noticed a two-headed ogre
 11363 | D:11     | Noticed a green ugly thing
 11620 | D:11     | Killed a green ugly thing
 11639 | D:11     | Killed a two-headed ogre
 11640 | D:11     | Reached skill level 10 in Fighting
 11655 | D:11     | Slain by Fannar

Illustrated notes

Levels and vault maps discovered:
D:1:      dpeg_arrival_lava_altar, layout_basic
D:2:      layout_basic, uniq_jessica
D:3:      layout_rooms, lemuel_doored_altar, gup_sewer_entry_glass,
          interstate_on_off, minmay_pentomino_pile
D:4:      minmay_inner_zag, layout_basic, grunt_temple_overflow_opulence,
          led_sif_book, temple_green
D:5:      layout_gridville, ebering_ghost_rock_garden
D:6:      layout_cave_pools
D:7:      layout_rooms, mainiacjoe_overflow_brackets, serial_shops, shop,
          uniq_jeremiah, uniq_pikel
D:8:      layout_loops_corners, nzn_wu_jian_contemplation, trog_wizard,
          hellmonk_lair_entry_icy
D:9:      due_megacathedral, layout_irregular_city,
          mainiacjoe_overflow_alcove_1, nicolae_overflow_two_pavilions,
          gammafunk_ghost_spectres
D:10:     layout_cave_pools, lemuel_tele_altar, palyth_stone_intersect
D:11:     layout_gridville, nzn_ghost_randoct, minmay_crystal_water,
          hangedman_decor_clover_reticule, uniq_fannar
D:12:     layout_small_grid, hiddenorc2_lemuel,
          serial_library_regret_index_double_sided
Temple:   hellmonk_temple_divided_pantheon

Skill      XL: |  1  2  3  4  5  6  7  8  9 10 11 |
---------------+----------------------------------+-----
Fighting       | 4 5 6 7 8 10 | 10.1
Armour         | 4 5 6 8 9 10 11 | 11.4
Long Blades    | 3 4 5 6 8 11 12 13 | 13.9
Shields        | 4 5 6 7 9 |  9.9
Dodging        | 1 2 3 4 |  4.2
Stealth        | 1 |  1.3
Evocations     | |  0.5

Action                     |  1- 3 |  4- 6 |  7- 9 | 10-12 || total
---------------------------+-------+-------+-------+-------++-------
  Melee: Long sword        |    56 |   125 |   262 |   242 ||   685
         Headbutt          |     7 |    22 |    50 |    96 ||   175
         Scimitar          |       |       |       |   220 ||   220
 Invoke: Heroism           |       |       |       |     1 ||     1
  Evoke: Wand              |       |       |       |     4 ||     4
    Use: Scroll            |     1 |     7 |     3 |     3 ||    14
         Potion            |     1 |       |     4 |       ||     5
 Armour: Scale mail        |    33 |   155 |    20 |       ||   208
         Chain mail        |       |       |    36 |       ||    36
         Plate armour      |       |       |   234 |   376 ||   610
         Skin              |       |       |       |    11 ||    11
  Dodge: Dodged            |    32 |    75 |   116 |   193 ||   416
  Block: Buckler           |    14 |    38 |    74 |   177 ||   303
